[Event "4th Tata Steel India Blitz Women 2022"]
[Site "Kolkota"]
[Date "2022.12.03"]
[Round "6.1"]
[White "Koneru, Humpy"]
[Black "Dzagnidze, Nana"]
[Result "1/2-1/2"]
[ECO "D55"]
[WhiteElo "2574"]
[BlackElo "2517"]
[Annotator "TA"]
[PlyCount "67"]
[EventDate "2022.11.29"]
[EventType "tourn"]
[EventCountry "IND"]
[SourceTitle "playchess.com"]
[Source "ChessBase"]
[SourceQuality "1"]
[TimeControl "180+2"]

1. d4 Nf6 2. Nf3 e6 3. c4 d5 4. Nc3 Be7 5. Bg5 h6 6. Bxf6 Bxf6 7. e3 O-O 8. Qd2 Nc6 9. h4 {[%emt 0:00:40] D55: Queen's Gambit Declined: 4 Bg5 Be7: Lines without ...h6 and 6...h6 7 Bxf6.} a6 10. O-O-O dxc4 11. Bxc4 {[%emt 0:00:35] [#] White is slightly better.} (11. g4 $5 ) 11... b5 $146 {[%emt 0:00:06] Against g4} ({Predecessor:} 11... e5 12. d5 Na5 13. Bd3 b6 14. Ne4 Nb7 15. Qc3 Bg4 16. Kb1 Nd6 17. Rc1 Nxe4 18. Bxe4 {1-0 (58) Anikonov,D (2118)-Labutin,D (2144) Novokuznetsk 2014}) 12. Bd3 Bb7 13. Be4 Na5 (13... Be7 $11 {keeps the balance.}) 14. Bxb7 $16 Nxb7 15. g4 (15. Kb1 $14) 15... Be7 (15... b4 $1 $15 16. Ne4 Qd5) 16. Kb1 b4 {[%emt 0:00:05] Prevents g5.} 17. Na4 (17. Ne2 {keeps more tension.} Qd5 18. Ne5 Bd6 19. g5) 17... c5 {[%emt 0:00:16] Prevents g5.} 18. dxc5 (18. g5 $16) 18... Nxc5 {[%emt 0:00:03] ...Qxd2 is the strong threat.} 19. Qxb4 Nxa4 20. Qxa4 Qb6 {[%emt 0:00:02] [#]} 21. Ne5 (21. g5 $1 $16) 21... Bf6 $11 22. Nc4 {[%emt 0:00:03] Active counter play!} Qb7 {[%emt 0:00:02] Strongly threatening ...Rac8.} (22... Qc5 $5 ) 23. Rhe1 $2 (23. g5 $14 {keeps the upper hand.} Qe4+ 24. Ka1) 23... Rab8 $19 {[%emt 0:00:06][%cal Rb7b2] Hoping for ...Qxb2+!} 24. Rd2 (24. Qc2) 24... Rfd8 $2 {[%emt 0:00:03] [#]} (24... Bc3 $19 25. Nd6 Qb4 26. Qxb4 Rxb4) 25. Red1 (25. Rxd8+ $15 Rxd8 26. g5 hxg5 27. hxg5 Bxg5 28. f4) 25... Rxd2 ({And not} 25... Bxh4 26. Na5 Qa8 27. Qc6 $15) 26. Rxd2 Qh1+ ({Not} 26... Bxh4 27. a3 $15) ({Better is} 26... Qe4+ $17 27. Qc2 Qxg4) 27. Qd1 $1 $11 Qxh4 28. a3 Qg5 29. Ka2 Qb5 30. Qc2 Qc6 31. Qd3 (31. b4 $11) 31... Qb5 (31... Rd8 $17 32. Qb3 Rxd2 33. Nxd2 g6) 32. Qc2 $15 Qc6 (32... Rd8 $15) 33. Qd3 $17 Qb5 (33... Rd8 $17 34. Qb3 Rxd2 35. Nxd2 g6) 34. Qc2 $1 {[%emt 0:00:01] Weighted Error Value: White=0.44/Black=0.49} 1/2-1/2

[Event "4th Tata Steel India Blitz Women 2022"]
[Site "Kolkota"]
[Date "2022.12.03"]
[Round "6.2"]
[White "Savitha Shri B"]
[Black "Vaishali, Rameshbabu"]
[Result "0-1"]
[ECO "B53"]
[WhiteElo "2411"]
[BlackElo "2454"]
[Annotator "TA"]
[PlyCount "92"]
[EventDate "2022.11.29"]
[EventType "tourn"]
[EventCountry "IND"]
[SourceTitle "playchess.com"]
[Source "ChessBase"]
[SourceQuality "1"]
[TimeControl "180+2"]

1. e4 c5 2. Nf3 d6 3. d4 cxd4 4. Qxd4 Nf6 5. Be2 Nc6 6. Qe3 {[%emt 0:00:01] B53: Sicilian: 2...d6: Lines with Qxd4.} g6 7. h3 Bg7 8. O-O {[%emt 0:00:01] The position is equal.} O-O 9. Rd1 Nd7 10. c4 (10. c3 $11) 10... Qb6 $15 11. Nc3 Qxe3 12. Bxe3 Bxc3 $1 13. bxc3 b6 14. Nd4 Bb7 {[%emt 0:00:07] [#]} 15. Bg5 $146 ({Predecessor:} 15. Nxc6 Bxc6 16. f3 Rac8 17. a4 f5 18. a5 fxe4 19. fxe4 Bxe4 20. axb6 axb6 21. Ra7 {½-½ (45) Ruiz Castillo,J (2497)-Paragua,M (2513) Las Vegas 2019}) 15... Rfe8 16. Rab1 Nc5 17. f3 f6 18. Be3 Na5 (18... Rec8 $17) 19. Nb5 Rec8 20. h4 Ba6 21. Bd4 Na4 22. Rb4 Nc5 23. Rbb1 Na4 {[%emt 0:00:04] Inhibits h5.} 24. Rb4 $1 Bxb5 25. Rxb5 e5 (25... Rc7 $17) 26. Rb4 $1 $11 exd4 27. Rxa4 dxc3 28. Rc1 Rc5 $36 {[%emt 0:00:07][%mdl 2048] Black fights for an advantage.} 29. Rxc3 Rac8 30. Kf2 Kf7 31. Raa3 R8c7 32. Rc1 Ke7 33. g4 Nc6 34. Rb3 (34. f4 $11 {keeps the balance.}) 34... Nd4 35. Rbc3 Ne6 {[%emt 0:00:02] Black is more active.} 36. Ke3 h6 37. a4 g5 38. hxg5 hxg5 39. Rh1 Nf4 40. Rh7+ (40. Rcc1 $11) 40... Ke6 $17 41. Rxc7 Rxc7 {[%emt 0:00:00] KRB-KRN} 42. Bd3 Ke5 {[%emt 0:00:00][%cal Od6d5] [#] White must now prevent ...d5!} 43. Ra3 Rc5 {[%emt 0:00:02] Inhibits a5.} (43... Ne6 $17) 44. Bf1 (44. Ra1 $11 {should be considered.}) 44... Ne6 45. Rd3 Ra5 (45... Nc7 $17 46. Ra3 Na6) 46. Rd4 $2 {[%emt 0:00:03][%mdl 8192] [#]} Nxd4 {[%emt 0:00:02] Weighted Error Value: White=0.28 (precise) /Black=0.18 (very precise)} 0-1

[Event "4th Tata Steel India Blitz Women 2022"]
[Site "Kolkota"]
[Date "2022.12.03"]
[Round "6.3"]
[White "Muzychuk, Anna"]
[Black "Ushenina, Anna"]
[Result "1-0"]
[ECO "C43"]
[WhiteElo "2525"]
[BlackElo "2454"]
[Annotator "TA"]
[PlyCount "75"]
[EventDate "2022.11.29"]
[EventType "tourn"]
[EventCountry "IND"]
[SourceTitle "playchess.com"]
[Source "ChessBase"]
[SourceQuality "1"]
[TimeControl "180+2"]

1. e4 e5 2. Nf3 Nf6 3. d4 Nxe4 4. dxe5 d5 5. Nbd2 Qd7 6. Bd3 {[%emt 0:00:01] C43: Petroff Defence: 3 d4.} Nc5 7. Be2 Be7 {[%emt 0:00:02] [#]} 8. c3 $146 {[%emt 0:00:04] The position is equal.} ({Predecessor:} 8. Nd4 O-O 9. O-O Nc6 10. N2f3 Nxd4 11. Nxd4 c6 12. Bf4 Qd8 13. c3 f6 14. exf6 Bxf6 15. Be3 Ne6 16. Nxe6 Bxe6 17. Bd3 Qd6 18. Re1 Bf7 19. Qc2 h6 20. Qd2 {½-½ (20) Anderskewitz,R (2325)-Nowak,A (2260) LSS email 2019}) 8... O-O 9. O-O Ne6 10. Nd4 f6 $2 {[%emt 0:00:28][%mdl 8192] [#]} (10... Nf4 $11 {and Black is okay.}) 11. Bg4 $18 f5 12. Bxf5 Rxf5 13. Nxf5 Nc6 14. Nf3 Bf8 15. Re1 Qf7 16. Ne3 Nf4 17. Qa4 $2 (17. Ng5 $18 Qd7 18. g3) 17... Nh3+ $1 $14 18. Kf1 {[%emt 0:01:02] [#] Black must now prevent Qd1.} Nxe5 $1 19. Qd1 {[%emt 0:00:01][%cal Oe3d5] Hoping for Nxd5!} c6 20. Qe2 {[%emt 0:00:02] Against b6} (20. Nxe5 $2 Qxf2#) 20... Ng6 21. Nc2 $1 {[%emt 0:00:11] Inhibits b6. aiming for Ncd4.} ({Much worse is} 21. gxh3 Nf4 22. Ng5 Bxh3+ 23. Nxh3 Nxe2 24. Rxe2 Qh5 $15) 21... Bd6 $2 {[%emt 0:00:30][%mdl 8192] Black is on the road to losing.} 22. Qe8+ $18 ({Worse is} 22. gxh3 Bxh3+ 23. Kg1 Nf4 24. Bxf4 Qxf4 $14) 22... Qxe8 23. Rxe8+ Kf7 24. Rxc8 Rxc8 25. gxh3 Rf8 26. Be3 c5 27. Rd1 Ne7 28. Ng5+ {[%emt 0:00:04] White is clearly winning.} Kg6 29. Ne6 Rc8 30. Bf4 Rc6 31. Bxd6 Rxd6 32. Nxc5 b6 33. Nd3 Kh5 34. Ne3 Kh4 35. Nf4 Rf6 36. Nfxd5 Nxd5 37. Rxd5 g6 38. Kg2 {[%emt 0:00:02] Weighted Error Value: White=0.27 (precise) /Black=0.58} 1-0

[Event "4th Tata Steel India Blitz Women 2022"]
[Site "Kolkota"]
[Date "2022.12.03"]
[Round "6.4"]
[White "Kulkarni Bhakti"]
[Black "Harika, Dronavalli"]
[Result "0-1"]
[ECO "B08"]
[WhiteElo "2359"]
[BlackElo "2507"]
[Annotator "TA"]
[PlyCount "194"]
[EventDate "2022.11.29"]
[EventType "tourn"]
[EventCountry "IND"]
[SourceTitle "playchess.com"]
[Source "ChessBase"]
[SourceQuality "1"]
[TimeControl "180+2"]

1. d4 d6 2. Nf3 g6 3. Nc3 Bg7 4. e4 a6 5. a4 Nf6 6. Be2 O-O 7. h3 Nc6 8. O-O e5 9. Be3 Re8 10. d5 Ne7 11. Nd2 Rf8 12. a5 h6 13. Na4 Nh7 14. c4 f5 15. f3 g5 16. c5 f4 17. Bf2 h5 18. cxd6 cxd6 19. Nb6 Rb8 20. Rc1 Ng6 21. Qb3 Rf7 22. Rc2 Bd7 23. Nxd7 Rxd7 24. Nc4 Bf8 25. Nb6 Rc7 26. Rfc1 Rxc2 27. Qxc2 Nf6 28. Qc7 Qe8 29. Be1 g4 30. Bb4 gxf3 31. gxf3 (31. Bxd6 $2 fxe2 32. Qxb8 Qxb8 33. Bxb8 Bc5+ $1 34. Kh2 Bf2 $19) 31... Nh4 (31... Qd8 {keeps fighting.} 32. Qxd8 Rxd8) 32. Kh2 (32. Bxd6 $2 {perishes.} Qg6+ 33. Kf1 Nxe4 $1 34. fxe4 f3 $1 35. Bxf3 (35. Qxb8 $2 {leads to mate.} Qg2+ 36. Ke1 Qxe2#) 35... Bxd6 $19) 32... Kh8 $2 (32... Qg6 $2 33. Rg1 $18 (33. Qxb8 $2 Qg2#) (33. Qxb8 $2 Qg2#)) (32... Qd8 33. Qxd8 Rxd8) 33. Rg1 ({Not} 33. Bxd6 Qg6 34. Rg1 (34. Qxb8 $2 Qg2#) 34... Bxd6 35. Rxg6 Bxc7 $16) 33... Qd8 34. Qf7 (34. Qxd8 $142 Rxd8 35. Be1) 34... Qe7 $18 35. Qxe7 $1 Bxe7 36. Be1 Nh7 (36... Ng8 $142 37. Bf2 Nh6) 37. Bf2 $18 Rg8 $2 (37... Bd8 38. Nc4 Be7 39. Bxh4 Bxh4 40. Nxd6 Bg3+ 41. Kg2 Bh4) 38. Rxg8+ $18 Kxg8 39. Nc8 Ng6 40. Nxe7+ $2 (40. b4) 40... Nxe7 $18 41. Bh4 (41. b4 $18) 41... Kf7 42. Kg2 Nf6 43. Kf2 Ng6 44. Bxf6 ({White should try} 44. Bg5 $16) 44... Kxf6 $11 45. Kg2 Ke7 46. Bd1 Kd8 47. Ba4 Nf8 48. b4 h4 49. Kf2 Kc7 50. Ke2 b6 (50... Nh7 $5 ) 51. Be8 Kb7 52. Bc6+ Ka7 53. Be8 Nh7 54. Kf2 bxa5 55. bxa5 Nf6 56. Bc6 Kb8 57. Ke2 Kc7 58. Kf2 Nh7 59. Kg2 Nf8 60. Be8 Nh7 61. Kf2 Nf6 62. Bc6 Ng8 63. Kg2 Ne7 64. Be8 Nc8 65. Kf2 Na7 66. Ke2 Kb7 67. Kd3 Nc8 68. Bc6+ Kc7 69. Be8 Na7 70. Kc4 Nc8 71. Kd3 Ne7 72. Ke2 Kb7 73. Kd3 Ng8 74. Ke2 Nf6 75. Bc6+ Kc7 76. Kf2 Ng8 77. Ke2 Ne7 78. Be8 Kb7 79. Kd3 Ng8 80. Ke2 Ka7 81. Kf2 Nf6 82. Bc6 Kb8 83. Ke2 Nh7 84. Kf2 Ng5 85. Kg2 $2 (85. Be8 $11) 85... Nf7 $1 $19 86. Kf2 Nd8 87. Ba4 Nb7 88. Ke2 Nxa5 89. Kd3 Kc7 90. Kc3 Kb6 91. Kb4 Nb7 92. Bc6 $2 (92. Kc3) 92... a5+ $2 (92... Nc5 {Hoping for ...Nd3+.} 93. Kc4 Ne6 $1) 93. Kc4 $19 Nc5 94. Kc3 $2 (94. Be8) 94... Na6 (94... a4 $142 95. Be8 Ka5) 95. Be8 Kc5 96. Bd7 Nc7 97. Be8 Nb5+ (97... Nxe8 $142 98. Kd3 Nf6 99. Kd2 Kc4 100. Kc2 a4 101. Kb2 {[#]} Nxe4 $1 102. Ka3 Nc5 103. Ka2 e4 104. Kb2 exf3 105. Kb1 f2 106. Kc1 f1=Q+ 107. Kc2 a3 108. Kd2 Nb3+ 109. Kc2 Qd3#) 0-1

[Event "4th Tata Steel India Blitz Women 2022"]
[Site "Kolkota"]
[Date "2022.12.03"]
[Round "6.5"]
[White "Muzychuk, Mariya"]
[Black "Kiolbasa, Oliwia"]
[Result "1-0"]
[ECO "C55"]
[WhiteElo "2528"]
[BlackElo "2406"]
[Annotator "TA"]
[PlyCount "159"]
[EventDate "2022.11.29"]
[EventType "tourn"]
[EventCountry "IND"]
[SourceTitle "playchess.com"]
[Source "ChessBase"]
[SourceQuality "1"]
[TimeControl "180+2"]

1. e4 e5 2. Nf3 Nc6 3. Bc4 Nf6 4. d3 Be7 5. O-O O-O 6. a4 d5 7. exd5 Nxd5 8. Re1 $1 {[%emt 0:00:04] The main line 8.Re1 scores better than 8.h3. C55: Two Knights: 4 d3, 4 d4 exd4 5 e5 and Max Lange Attack.} Bg4 9. h3 Bh5 10. g4 {[%emt 0:00:44] White has an edge.} Bg6 11. Nxe5 Nxe5 12. Rxe5 Nb6 {[%emt 0:00:26] [#] And now ...Nxc4 would win.} 13. Bb3 Bd6 (13... Kh8 $11 {keeps the balance.}) 14. Re1 (14. Bg5 $16 Qb8 15. Re1) 14... Qh4 (14... Kh8 $1 $11) 15. Qf3 {[%emt 0:00:00] [#]} Nd7 $146 (15... Kh8 $14) ({Predecessor:} 15... Kh8 16. Bf4 Qf6 17. h4 h5 18. gxh5 Bh7 19. a5 Nd7 20. Ra4 Nc5 21. Qg4 Nxa4 22. Bxd6 Qxd6 23. Qxa4 {0-1 (49) Breznik,K (2211)-Markun,B (2268) Slovenia 2018}) 16. Nc3 $36 {[%emt 0:00:07][%mdl 2048] White fights for an advantage.} (16. Qxb7 $6 Nc5 17. Qg2 (17. Qf3 Nxb3 18. cxb3 f5 $11) 17... Nxb3 18. cxb3 f5 $11) 16... Rae8 17. Ne4 (17. Rxe8 $16 Rxe8 18. Kg2 (18. Qxb7 $2 Qxh3 19. Be3 Bh2+ 20. Kh1 Bf4+ 21. Kg1 Qh2+ 22. Kf1 Bxe3 $19)) 17... Nc5 $2 (17... h6 $14) 18. Bg5 $18 Bxe4 19. Qe3 (19. Rxe4 $142 Qxg5 20. Rxe8 Nxb3 21. Rxf8+ Kxf8 22. cxb3) 19... Bf4 (19... Bd5 {was necessary.} 20. Bxh4 Rxe3 21. Rxe3 Nxb3 22. cxb3 f6) 20. Qxf4 {Chess con chili.} Qxh3 21. dxe4 h6 $2 (21... Nxb3 22. cxb3 h6) 22. Re3 (22. Qxc7 Qxg4+ 23. Qg3 Qxg3+ 24. fxg3 Nxb3 25. cxb3 hxg5 $11) 22... hxg5 23. Qxf7+ (23. Qxc7 Qxg4+ 24. Rg3 Qc8 25. Qxc8 Rxc8 $11) (23. Qxg5 Nxe4 24. Qf4 Qh7 $18) (23. Qf5 $142 Qh4 24. Qxc5) 23... Rxf7 24. Bxf7+ (24. Rxh3 Nxb3 25. Rxb3 Rxe4 $11) 24... Kxf7 25. Rxh3 {[%emt 0:00:01] aiming for Rc3.} Rxe4 {[%emt 0:00:05][%mdl 4096] Endgame KRR-KRN} 26. Rc3 Rxg4+ 27. Kf1 Ne6 28. b3 Rh4 29. Ke2 Nf4+ 30. Kd2 c6 31. Re1 Rh2 32. Rf3 Kf6 33. Re8 (33. Rg1 Kf5 $16) 33... Kf5 34. Rf8+ Kg4 $2 (34... Ke6 {is a better defense.} 35. Rb8 b6) 35. Rg3+ Kh4 36. Rh8+ Nh5 37. Ke2 {[%emt 0:00:04] Strongly threatening Kf3.} g4 38. Re3 g6 39. Re7 $4 (39. Ke1 $18) 39... Kg5 $4 (39... g3 $19 {and all is fine.} 40. Kf1 (40. Rxb7 $2 g2 $19) (40. Re4+ $2 Kg5 $19) 40... Rxf2+ 41. Kg1 Rxc2) 40. Ke3 (40. Rxb7 $2 {too greedy.} Nf4+ 41. Ke1 Rxh8 $19) 40... Rh1 (40... Rh3+ $142 41. Kd2 Rh2) 41. Rxb7 $2 ({Better is} 41. Rhh7 $18) 41... Re1+ $2 (41... Rh3+ $11 42. Kd4 Rf3) 42. Kd2 Rf1 43. Ke2 ({Inferior is} 43. Rxa7 Rxf2+ 44. Ke3 g3 $15) 43... Rc1 44. Kd3 (44. Rxa7 $18 Rxc2+ 45. Ke1) 44... Nf4+ $2 (44... Rf1 $1 $11 {and Black has nothing to worry.}) 45. Kc3 Rf1 46. Rh2 ({Less strong is} 46. Rxa7 Rxf2 47. Ra5+ Nd5+ 48. Kb2 g3 $14) 46... Nd5+ 47. Kd2 Nf6 48. Rxa7 Ne4+ 49. Ke2 Rc1 50. Kd3 Nc5+ 51. Kd4 Ne6+ 52. Kc3 Nf4 53. a5 Re1 54. a6 Nd5+ 55. Kd2 Ra1 56. Rhh7 Nb4 57. Ra8 {[%emt 0:00:02] Black must now prevent a7.} Rxa6 58. Rxa6 Nxa6 {[%emt 0:00:01] KR-KN} 59. Ke3 (59. Ra7 $142 Nb4 60. Rc7) 59... Nb4 60. c4 Nc2+ 61. Kd3 Ne1+ 62. Ke2 (62. Kd2 $142 Nf3+ 63. Kd3) 62... Nf3 63. Ke3 {[%emt 0:00:01] White threatens Rc7 and mate.} Ne5 64. Rc7 Kf5 65. Rc8 g5 66. Rf8+ Ke6 67. Ke4 Nf3 68. b4 (68. Rxf3 $142 gxf3 69. b4 Kf6 70. Kxf3 Ke7 71. Kg4 Kd6 72. Kxg5 Ke5 73. f4+ Ke6 74. f5+ Ke5 75. f6) 68... Kd6 69. c5+ {[%emt 0:00:03] White mates.} Ke6 70. Rc8 Kd7 71. Rg8 Nd2+ 72. Kf5 Nc4 73. Rg7+ Kd8 74. Kxg4 Na3 75. Kxg5 Nc2 76. Rb7 Kc8 77. Rb6 Kc7 78. f4 Ne3 79. f5 Nd5 {[%emt 0:00:04] [#]} 80. f6 $1 {[%emt 0:00:00] Weighted Error Value: White=0.55/Black=0.91} 1-0

[Event "4th Tata Steel India Blitz Women 2022"]
[Site "Kolkota"]
[Date "2022.12.03"]
[Round "7.1"]
[White "Harika, Dronavalli"]
[Black "Muzychuk, Anna"]
[Result "0-1"]
[ECO "A21"]
[WhiteElo "2507"]
[BlackElo "2525"]
[Annotator "TA"]
[PlyCount "50"]
[EventDate "2022.11.29"]
[EventType "tourn"]
[EventCountry "IND"]
[SourceTitle "playchess.com"]
[Source "ChessBase"]
[SourceQuality "1"]
[TimeControl "180+2"]

1. c4 e5 2. Nc3 d6 3. Nf3 f5 4. g3 Nf6 5. d4 e4 6. Nh4 {[%emt 0:00:01] A21: English Opening: 1...e5 2 Nc3.} g6 7. Bg2 Bg7 8. Bg5 {[%emt 0:00:41] [#] The position is equal.} c6 $146 ({Predecessor:} 8... O-O 9. Qd2 Be6 10. d5 Bf7 11. O-O Nbd7 12. f3 exf3 13. exf3 Ne5 14. b3 {½-½ (14) Lalic,B (2520)-Iordachescu,V (2594) Castellaneta 2000}) 9. f3 exf3 10. Bxf3 O-O 11. Qd2 Qb6 12. O-O-O Be6 13. d5 Bf7 14. Bh6 $1 Nbd7 15. Bxg7 Kxg7 16. e4 $2 (16. Qg5 $11) 16... fxe4 17. Nxe4 cxd5 18. Nxf6 Nxf6 19. Bxd5 (19. Qg5 $17) 19... Rac8 (19... Bxd5 $19 20. cxd5 Ng4 21. Qd4+ Qxd4 22. Rxd4 Rac8+ 23. Kb1 Nxh2 $1) 20. Kb1 Bxd5 21. cxd5 Rc4 {[%emt 0:00:04] And now ...Ne4 would win.} 22. Qd3 {[%emt 0:00:18] Against Ne4} Rfc8 $36 {[%emt 0:00:07][%mdl 2048] White must now prevent ...Ne4. White is under strong pressure. Black is more active.} 23. Rhe1 {[%emt 0:00:02] [#] Inhibits Ne4.} (23. Nf3 $17 {is a better defense.}) 23... Rc2 $1 $19 24. Qd4 {[%emt 0:00:12] [#]} (24. Qb3) 24... Rc1+ $3 25. Rxc1 Rxc1+ {[%emt 0:00:01] Weighted Error Value: White=0.58/Black=0.11 (very precise)} ({Not} 25... Qxd4 26. Rxc8 Nxd5 27. Ka1 $17) 0-1

[Event "4th Tata Steel India Blitz Women 2022"]
[Site "Kolkota"]
[Date "2022.12.03"]
[Round "7.2"]
[White "Dzagnidze, Nana"]
[Black "Kulkarni Bhakti"]
[Result "1/2-1/2"]
[ECO "D30"]
[WhiteElo "2517"]
[BlackElo "2359"]
[Annotator "TA"]
[PlyCount "98"]
[EventDate "2022.11.29"]
[EventType "tourn"]
[EventCountry "IND"]
[SourceTitle "playchess.com"]
[Source "ChessBase"]
[SourceQuality "1"]
[TimeControl "180+2"]

1. d4 d5 2. c4 e6 3. Nf3 a6 4. Nbd2 Nf6 5. g3 c5 6. Bg2 {[%emt 0:00:44] D30: Queen's Gambit Declined: Systems without Nc3.} Nc6 7. dxc5 Bxc5 8. O-O O-O {[%emt 0:00:06] [#]} 9. b3 $146 ({Predecessor:} 9. a3 a5 10. cxd5 exd5 11. Nb3 Bb6 12. Nbd4 Nxd4 13. Nxd4 Re8 14. Be3 Ng4 15. Bf4 Qf6 16. Nf3 d4 17. h3 Nh6 18. Qd2 Nf5 {1-0 (40) Socko,B (2618)-Heberla,B (2556) Tornelo INT 2021}) 9... dxc4 10. Nxc4 Qxd1 11. Rxd1 Ng4 (11... a5 $14) 12. e3 $16 b5 $2 {[%emt 0:00:03] [#]} (12... a5 $16) 13. Nd4 $2 (13. Nce5 $1 $18 {[%mdl 512] and the rest is easy.}) 13... bxc4 14. Nxc6 ({Don't play} 14. Bxc6 Rb8 $14) 14... Bb7 15. bxc4 Kh8 (15... Bxc6 $16 16. Bxc6 Rab8) 16. Rb1 $36 {[%emt 0:00:10][%mdl 2048] White has strong initiative.} Bxc6 17. Bxc6 Ra7 18. Bb2 {[%emt 0:00:13] Against Ne5} Rc8 19. Bf3 {[%emt 0:00:07] Prevents h6. A strong pair of Bishops.} Nf6 20. Bc3 h6 21. Kg2 Be7 22. Bd4 Rac7 23. Bb7 Rd8 24. Bxa6 {[%emt 0:00:04] Threatens to win with a4.} Ra8 25. Bb6 Rd7 {[%emt 0:00:03] aiming for ...Rxd1.} 26. Bb5 Rxd1 27. Rxd1 Rxa2 {[%emt 0:00:01] [#]} 28. Rc1 $2 (28. Kf3 $1 $18) 28... Ne4 $11 29. c5 (29. Kg1 $5 ) 29... Rxf2+ (29... Bxc5 $1 $11 30. Bxc5 Rxf2+ 31. Kg1 Rf5) 30. Kg1 $14 Rb2 {[%emt 0:00:01] Against c6} 31. Bd3 Nd2 32. Be2 $2 {[%emt 0:00:03] Inhibits Nf3+.} (32. Rc2 $14 {stays ahead.} Rxc2 33. Bxc2) 32... Nb3 $17 33. Re1 {[%emt 0:00:02] Black must now prevent c6.} Rc2 {[%emt 0:00:01] Against c6} (33... Bxc5 $17 34. Bxc5 Nxc5) 34. Bd1 (34. Rb1 $15 {feels stronger.} Rxe2 35. Rxb3) 34... Rc1 $1 35. Kf2 Bxc5 (35... Nxc5 $17 {Strongly threatening ...Nd3+.} 36. Be2 Ne4+ 37. Kf1 Rxe1+ 38. Kxe1 Bb4+ 39. Kf1 Bc5 40. Bxc5 Nxc5) 36. Bxb3 $11 {[%emt 0:00:01][%mdl 64] Discovered Attack} Rxe1 37. Bxc5 Rb1 38. Ba4 Rc1 39. Bd4 f6 40. Bd7 e5 {[%emt 0:00:01] The position is equal.} 41. Bb6 Rb1 42. Bc5 Rc1 {[%emt 0:00:01] And now ...Rc2+ would win.} 43. Bb4 Rc2+ 44. Kg1 Re2 45. Bc5 Rc2 46. Bb6 Rb2 47. Bc5 Rc2 48. Bb6 Rb2 49. Bc5 Rc2 {[%emt 0:00:01] Blacks defense is rewarded with a draw.   Weighted Error Value: White=0.25 (precise) /Black=0.23 (precise)} 1/2-1/2

[Event "4th Tata Steel India Blitz Women 2022"]
[Site "Kolkota"]
[Date "2022.12.03"]
[Round "7.3"]
[White "Kiolbasa, Oliwia"]
[Black "Savitha Shri B"]
[Result "0-1"]
[ECO "B48"]
[WhiteElo "2406"]
[BlackElo "2411"]
[Annotator "TA"]
[PlyCount "66"]
[EventDate "2022.11.29"]
[EventType "tourn"]
[EventCountry "IND"]
[SourceTitle "playchess.com"]
[Source "ChessBase"]
[SourceQuality "1"]
[TimeControl "180+2"]

1. e4 c5 2. Nf3 e6 3. d4 cxd4 4. Nxd4 Nc6 5. Nc3 a6 6. Be3 Qc7 7. a3 Nf6 8. f4 {[%emt 0:00:02] is cutting edge theory.} d5 {[%emt 0:00:12] B48: Sicilian: Taimanov: 5 Nc3 Qc7 6 Be3 a6 without Be2.} 9. e5 Ne4 10. Nxe4 dxe4 {[%emt 0:00:01] [#] White is slightly better.} 11. Qg4 $146 (11. g3 {is interesting.} Bc5 12. Nb5 axb5 13. Bxc5 Nxe5 14. Bd6) ({Predecessor:} 11. Nxc6 Qxc6 12. Qd2 Be7 13. O-O-O O-O 14. Be2 b5 15. g4 a5 16. Kb1 b4 17. a4 Qxa4 {0-1 (38) Golubev,M (2461)-Svane,F (2438) Chess.com INT 2021}) 11... Nxd4 12. Bxd4 Qxc2 13. Rd1 ({Better is} 13. Qe2 $11 Qxe2+ 14. Kxe2 (14. Bxe2 Be7 $15)) 13... Bd7 $15 {[%emt 0:00:27] ...Ba4 is the strong threat.} 14. Be2 Bc6 {[%emt 0:00:44] Threatens to win with ...0-0-0.} 15. Rd2 Qa4 {[%emt 0:00:08] And now ...0-0-0 would win.} 16. O-O $2 (16. Bd1 $15 Qb5 17. Be2) 16... O-O-O $19 17. Rfd1 {[%emt 0:00:14] [#]} Rxd4 18. Rxd4 Bc5 {[%emt 0:00:01][%mdl 64] Pin} 19. b4 Rd8 (19... Bxd4+ $2 {loses.} 20. Rxd4 Qxa3 21. Qxg7 Qe3+ 22. Kf1 Qxf4+ 23. Ke1 $19) 20. bxc5 Rxd4 21. Rf1 Qxa3 22. Qxg7 Qxc5 (22... Qe3+ $142 23. Rf2 Bb5 24. Bxb5 axb5) 23. Kh1 Rd7 24. Qxh7 Qe3 25. Qh5 Rd2 {[%emt 0:00:04] Inhibits f5.} 26. Bg4 Qd3 27. Rg1 e3 {[%emt 0:00:05][%cal Od2g2,Be4e3,Be3e2][%mdl 32] ( -> ...Rxg2!)} 28. Bf3 e2 29. Bxc6 bxc6 {[%emt 0:00:03] Black mates.} 30. Qxf7 Rd1 {[%emt 0:00:04] Active counter play!} 31. Qf8+ Qd8 32. Qb4 Rxg1+ 33. Kxg1 Qd1+ {[%emt 0:00:01] Black took control after the opening.   Weighted Error Value: White=1.37/Black=0.22 (precise)} 0-1